 Dungeon Crawl Stone Soup version 0.14.2 (webtiles) character file.

264 glosham the Skirmisher (level 5, 0/46 HPs)
             Began as a Formicid Warper on Apr 11, 2017.
             Slain by an orc warrior
             ... wielding a +0,+0 hand axe
              (4 damage)
             ... on Level 8 of the Dungeon.
             The game lasted 00:14:17 (644 turns).

glosham the Skirmisher (Formicid Warper)             Turns: 644, Time: 00:14:17

HP   0/46        AC  4     Str 16      XL: 5   Next: 63%
MP  11/11        EV 16     Int 13      God:
Gold 110         SH  0     Dex 13 (15) Spells:  1 memorised,  7 levels left

rFire  . . .     SeeInvis +     a - +0,+1 mace
rCold  . . .     Clarity  .     b - +0 leather armour
rNeg   . . .     Conserve .     (no shield)
rPois  .         rCorr    .     (helmet unavailable)
rElec  .         rRot     .     d - +0 cloak
SustAb . .       Spirit   .     (no gloves)
rMut   .         Warding  .     (no boots)
Saprov . . .     Stasis   +     (no amulet)
MR     .....                    (no ring)
                                (no ring)

@: agile, not resistant to hostile enchantments, fairly stealthy
A: permanent stasis, dig shafts and tunnels, four strong arms, antennae 3
a: Dig, Shaft Self


You were on level 8 of the Dungeon.
You were hungry.

You visited 1 branch of the dungeon, and saw 8 of its levels.

You collected 110 gold pieces.

Inventory:

Hand weapons
 a - a +0,+1 mace (weapon)
 r - a +0,+0 short sword
Missiles
 e - 26 darts (quivered)
 f - 4 darts of dispersal
Armour
 b - a +0 leather armour (worn)
 d - a +0 cloak (worn)
 s - a +0 ring mail
Comestibles
 g - 2 bread rations
 m - an apple
Potions
 h - a potion of restore abilities
 j - a potion of brilliance
Books
 c - a book of Spatial Translocations

   Spells                             Type                      Level
   *Apportation                       Translocation                1
   Blink                              Translocation                2
   Shroud of Golubria                 Charms/Translocation         2
   Portal Projectile                  Translocation                3
   Teleport Other                     Translocation                3
   Passage of Golubria                Translocation                4


   Skills:
 * Level 5.9 Fighting
 - Level 2.0 Maces & Flails
 - Level 0.7 Throwing
 - Level 1.1 Armour
 - Level 1.7 Dodging
 - Level 2.1 Spellcasting
 - Level 2.6 Translocations


You had 7 spell levels left.
You knew the following spells:

 Your Spells              Type           Power        Failure   Level  Hunger
a - Apportation           Tloc           #.........   10%         1    ##.....


Dungeon Overview and Level Annotations

Branches:
Dungeon (8/15)
 Temple: D:4-7         Lair: D:8-11

Altars:


Innate Abilities, Weirdness & Mutations

Your are under a permanent stasis effect.
You can dig through walls and to a lower floor.
Your four strong arms can wield two-handed weapons with a shield.
You have a pair of large antennae on your head (SInv).


Message History

The orc warrior hits you but does no damage.
You hit the orc warrior but do no damage.
The orc warrior is lightly wounded.
The orc warrior hits you with a hand axe!
You barely miss the orc warrior.
The orc warrior is lightly wounded.
The orc warrior hits you with a hand axe!
You hit the orc warrior but do no damage.
The orc warrior is lightly wounded.
The orc warrior completely misses you.
You hit the orc warrior.
The orc warrior is moderately wounded.
The orc warrior barely misses you.
You hit the orc warrior.
The orc warrior is moderately wounded.
The orc warrior closely misses you.
You hit the orc warrior but do no damage.
The orc warrior is moderately wounded.
The orc warrior closely misses you.
You hit the orc warrior but do no damage.
The orc warrior is moderately wounded.
The orc warrior barely misses you.
You hit the orc warrior but do no damage.
The orc warrior is moderately wounded.
The orc warrior closely misses you.
The orc warrior hits you with a hand axe!
* * * LOW HITPOINT WARNING * * *
Unknown command.
Drink which item? (? for menu, Esc to quit)
Okay, then.
You hit the orc warrior but do no damage.
The orc warrior is moderately wounded.
The orc warrior closely misses you.
You hit the orc warrior but do no damage.
The orc warrior is moderately wounded.
The orc warrior misses you.
You hit the orc warrior.
The orc warrior is moderately wounded.
The orc warrior hits you with a hand axe.
You die...

# ** ****** *,, #
*,,,,,,,* * , ###
*,,,,,,,* *,, ..###
,,,,,,,* *,,
#)..#####
*,,,,.,,****,,
###.....####
*,,,.o.,+,* ,, #
#####....######
*,,.o.o,*,**,, #
####......####,.....
*, *,, #
######.@oo#.......**,
,, #
####oo..!....**,,,, #
###....8..∩,,8,, #
**##+##*****, * *, *
**, * * * **,* * ,
*** *****+** *,, ,,*
,,,,,,* **,*


You could see an orc warrior and 3 orcs.

Vanquished Creatures
  An ogre (D:8)
  A giant frog (D:6)
  An ooze (D:4)
  2 orcs
  A bat (D:5)
  A goblin (D:4)
  2 hobgoblins (D:2)
9 creatures vanquished.

Notes
Turn   | Place    | Note
--------------------------------------------------------------
     0 | D:1      | glosham, the Formicid Warper, began the quest for the Orb.
     0 | D:1      | Reached XP level 1. HP: 16/16 MP: 3/3
     3 | D:1      | You fall through a shaft!
    28 | D:2      | You fall through a shaft!
    39 | D:2      | You fall through a shaft!
    44 | D:3      | You fall through a shaft!
   164 | D:4      | Reached skill level 3 in Fighting
   164 | D:4      | Reached XP level 2. HP: 18/24 MP: 5/5
   353 | D:4      | Noticed a worker ant
   361 | D:5      | Entered Level 5 of the Dungeon
   395 | D:6      | Noticed a giant frog
   403 | D:6      | Killed a giant frog
   403 | D:6      | Reached skill level 4 in Fighting
   403 | D:6      | Reached XP level 3. HP: 20/32 MP: 7/7
   403 | D:6      | Reached XP level 4. HP: 23/38 MP: 8/8
   470 | D:6      | You fall through a shaft!
   535 | D:8      | Noticed an ogre
   555 | D:8      | Killed an ogre
   555 | D:8      | Reached skill level 5 in Fighting
   555 | D:8      | Reached XP level 5. HP: 43/46 MP: 11/11
   621 | D:8      | Noticed an orc warrior
   641 | D:8      | HP: 3/46 [orc warrior/hand axe (18)]
   644 | D:8      | Slain by an orc warrior

Action                   |  1- 3 |  4- 6 || total
-------------------------+-------+-------++-------
Melee: Mace              |    36 |    19 ||    55
Throw: Dart              |       |    18 ||    18
 Cast: Apportation       |     1 |       ||     1
 Abil: Shaft Self        |     4 |     1 ||     5
  Use: Scroll            |       |     7 ||     7
       Potion            |       |     2 ||     2

Table legend:
 A = Turns spent in this place as a percentage of turns spent in the entire game.
 B = Non-inter-level travel turns spent in this place as a percentage of non-inter-level travel turns spent in the entire game.
 C = Inter-level travel turns spent in this place as a percentage of turns spent in this place.
 D = Turns resting spent in this place as a percentage of non-inter-level travel turns spent in this place.
 E = Turns spent auto-exploring this place as a percentage of non-inter-level travel turns spent in this place.
 F = Non-inter-level travel turns spent in this place divided by the number of levels of this place that you've seen.
                   A       B       C       D       E      F
               +-------+-------+-------+-------+-------+----------------------
         Total | 100.0 | 100.0 |   0.0 |   0.0 |   0.0 |  72.4
       Dungeon | 100.0 | 100.0 |   0.0 |   0.0 |   0.0 |  72.4
               +-------+-------+-------+-------+-------+----------------------

Table legend:
 A = Kills in this place as a percentage of kills in entire the game.
 B = Kills by you in this place as a percentage of kills by you in the entire game.
 C = Kills by friends in this place as a percentage of kills by friends in the entire game.
 D = Other kills in this place as a percentage of other kills in the entire game.
 E = Experience gained in this place as a percentage of experience gained in the entire game.
 F = Experience gained in this place divided by the number of levels of this place that you have seen.
                   A       B       C       D       E      F
               +-------+-------+-------+-------+-------+----------------------
         Total | 100.0 | 100.0 |  -nan |  -nan | 100.0 |  27.6
       Dungeon | 100.0 | 100.0 |  -nan |  -nan | 100.0 |  27.6
               +-------+-------+-------+-------+-------+----------------------

Vault maps used:
D:1:      dpeg_arrival_snail, nrook_mini_vaults, roderic_nine_men_s_morris
D:2:      hangedman_glass_teeth
D:3:      lemuel_coloured_pillars_altar, lemuel_round_altar,
          minmay_stone_trees_small, kennysheep_generic_room_3
D:5:      nicolae_overflow_hidden_temple, first_bread
D:6:      grunt_dithmenos_smoke, amethyst_overflow_temple_binary
D:8:      lemuel_crystal_altar, erik_lair_dragon, serial_shops, shop_statue,
          hangedman_tree_tricks
